 Dungeon Crawl Stone Soup version 0.29.0-5-ge4962eb29e (webtiles) character file.

Game seed: 5014990586674904863

39 tizbic2 the Shooter (level 3, -2/24 HPs)
             Began as an Octopode Hunter on Aug 28, 2022.
             Was a Believer of Lugonu.
             Slain by Terence
             ... wielding a +0 flail
              (3 damage)
             ... on level 2 of the Dungeon.
             The game lasted 00:06:49 (1362 turns).

tizbic2 the Shooter (Octopode Hunter)               Turns: 1362, Time: 00:06:50

Health: -2/24      AC:  1    Str: 10    XL:     3   Next: 47%
Magic:  2/3        EV: 13    Int: 17    God:    Lugonu [**....]
Gold:   102        SH:  0    Dex: 17    Spells: 1/2 levels left

rFire   . . .      SeeInvis .   a - staff of earth
rCold   . . .      Faith    .   (no shield)
rNeg    . . .      Spirit   .   (helmet restricted)
rPois   .          Reflect  .   (no amulet)
rElec   .          Harm     .   h - +6 ring of intelligence
rCorr   .          Rampage  .   (no ring)
Will    .....                   (no ring)
Stlth   +++.......              (no ring)
HPRegen 0.08/turn               (no ring)
MPRegen 0.08/turn               (no ring)
                                (no ring)
                                (no ring)

@: no status effects
A: almost no armour, amphibious, 8 rings, camouflage 1, gelatinous body 1,
(nimble swimmer 1), tentacles
a: Renounce Religion, Depart the Abyss, Bend Space


You were on level 2 of the Dungeon.
You worshipped Lugonu.
Lugonu was pleased with you.
You visited 1 branch of the dungeon, and saw 2 of its levels.

You collected 102 gold pieces.

Inventory:

Hand Weapons
 w - a +3 shortbow
Missiles
 c - 29 stones
 l - 5 poisoned darts
Magical Staves
 a - a staff of earth (weapon)
Jewellery
 h - a +6 ring of intelligence (left tentacle)
Scrolls
 b - 2 scrolls of immolation
 e - a scroll of magic mapping {unknown}
 f - a scroll of enchant armour
 n - a scroll of blinking
 o - a scroll of butterflies
Potions
 g - a potion of curing {unknown}
 i - a potion of flight {unknown}
 j - 2 potions of brilliance {unknown}
 m - 3 potions of lignification {unknown}


   Skills:
 + Level 2.2 Fighting
 * Level 0.5 Staves
 * Level 4.4 Ranged Weapons
 + Level 2.3 Dodging
 - Level 1.7 Stealth
 * Level 1.1 Earth Magic


You had one spell level left.
You knew the following spells:

 Your Spells              Type           Power      Damage    Failure   Level
a - Sandblast             Erth           10%        2d5       16%         1

Your spell library contained the following spells:

 Spells                   Type           Power      Damage    Failure   Level
 Passwall                 Tmut/Erth      1%         N/A       28%         2
 Stone Arrow              Conj/Erth      4%         3d7       50%         3
 Inner Flame              Hex/Fire       0%         N/A       56%         3
 Cause Fear               Hex            0%         N/A       93%         4
 Discord                  Hex            0%         N/A       100%        8


Dungeon Overview and Level Annotations

Branches:
Dungeon (2/15)

Altars:
Lugonu

Annotations:
D:2 Terence


Innate Abilities, Weirdness & Mutations

You cannot wear most types of armour.
You are amphibious.
You can wear up to eight rings at the same time.
Your skin changes colour to match your surroundings (Stealth+).
Your rubbery body absorbs attacks. (AC +1, EV +1)
((You are camouflaged when in or above water. (Stealth+)))
You have tentacles for arms and can constrict up to eight enemies at once.


Message History

Fire: w) +3 shortbow
Press: ? - help, Q - select action, (/) - cycle Shift-Dir - straight line, f/p - Terence
Aim: Terence, wielding a +0 flail and wearing a +2 chain mail of positive energy (72% to hit)
You shoot an arrow. The arrow hits Terence.
Terence is moderately wounded.
Fire: w) +3 shortbow
Press: ? - help, Q - select action, (/) - cycle Shift-Dir - straight line, f/p - Terence
Aim: Terence, wielding a +0 flail and wearing a +2 chain mail of positive energy (moderately wounded, 72% to hit)
You shoot an arrow. The arrow hits Terence!
Terence is severely wounded.
Terence misses you.
Fire: w) +3 shortbow
Press: ? - help, Q - select action, (/) - cycle Shift-Dir - straight line, f/p - Terence
Aim: Terence, wielding a +0 flail and wearing a +2 chain mail of positive energy (severely wounded, 72% to hit)
You shoot an arrow. The arrow hits Terence.
Terence is severely wounded.
Terence barely misses you. Terence hits you with a +0 flail!
Fire: w) +3 shortbow
Press: ? - help, Q - select action, (/) - cycle Shift-Dir - straight line, f/p - Terence
Aim: Terence, wielding a +0 flail and wearing a +2 chain mail of positive energy (severely wounded, 72% to hit)
You shoot an arrow. The arrow hits Terence.
Terence is almost dead.
Terence hits you with a +0 flail.
Really attack while wielding your +3 shortbow? [Y]es or [N]o only, please.
Really attack while wielding your +3 shortbow?
Okay, then.
a - a staff of earth (weapon)
Casting: Sandblast (safe; 16% risk of failure)
Confirm with . or Enter, or press ? or * to list all spells.
Aiming: Sandblast (safe; 16% risk of failure)
Press: ? - help, Shift-Dir - straight line, f/p - Terence
Aim: Terence, wielding a +0 flail and wearing a +2 chain mail of positive energy (almost dead, 86% to hit)
You feel a surge of power!
The blast of sand hits Terence but does no damage.
Terence is almost dead.
Terence hits you with a +0 flail!
* * * LOW HITPOINT WARNING * * *
Terence hits you with a +0 flail.
You die...

.... # .... #.# #..
.. ... #.##.####$#
#.........# #w# #@#
#@# #.#
######.#######
#########
#.............
#.......#
#.####.#######
#.#####.# #.###...##
#.#####.###.##.....#
#.#.........###...##
#.#.###.##### ##.##


You could see Terence and a dart slug.

Vanquished Creatures
  An adder (D:2)
  3 dart slugs (D:1)
  4 ball pythons
  2 bats
  2 endoplasms (D:2)
  3 goblins
  A hobgoblin (D:2)
  3 frilled lizards
  3 kobolds (D:1)
  2 rats (D:1)
24 creatures vanquished.

Notes
Turn   | Place    | Note
-------+----------+-------------------------------------------
     0 | D:1      | tizbic2 the Octopode Hunter began the quest for the Orb.
     0 | D:1      | Reached XP level 1. HP: 14/14 MP: 1/1
   331 | D:1      | Found a faded altar of an unknown god.
   346 | D:1      | Reached XP level 2. HP: 16/19 MP: 2/2
   376 | D:1      | Learned a level 1 spell: Sandblast
   380 | D:1      | Prayed at the altar of an unknown god.
   380 | D:1      | Became a worshipper of Lugonu the Unformed
   380 | D:1      | Reached * piety under Lugonu
   380 | D:1      | Reached ** piety under Lugonu
  1201 | D:2      | Reached skill level 1 in Earth Magic
  1201 | D:2      | Reached XP level 3. HP: 24/24 MP: 3/3
  1350 | D:2      | Noticed Terence
  1362 | D:2      | HP: 1/24 [Terence/+0 flail (10)]
  1362 | D:2      | Slain by Terence

Illustrated notes

Levels and vault maps discovered:
D:1:      lightli_arrival_statue_moat, layout_loops_ring,
          hellmonk_ecumenical_altar_lost_god
D:2:      layout_loops_corners, wander_ebering_terrifying_dragon_lair,
          uniq_terence

Skill      XL: |  1  2 |
---------------+-------+-----
Earth Magic    | 1 |  1.1
Fighting       | |  2.2
Staves         | |  0.5
Ranged Weapons | |  4.4
Dodging        | |  2.3
Stealth        | |  1.7

Action                   || total
-------------------------++-------
Melee: Staff             ||     6
       Constrict         ||     2
 Fire: Shortbow          ||    50
 Cast: Sandblast         ||     2
  Use: Scroll            ||     6
Armor: Skin              ||     3
Dodge: Dodged            ||    16
